 Dungeon Crawl Stone Soup version 0.29.1-14-g9c671dbff4 (webtiles) character file.

Game seed: 2327559876798777614

121 sweetbreads the Digger (level 5, -6/28 HPs)
             Began as a Gargoyle Earth Elementalist on Feb 15, 2023.
             Killed by divine providence
             ... invoked by an orc priest
              (10 damage)
             ... on level 3 of the Dungeon.
             The game lasted 00:07:30 (2702 turns).

sweetbreads the Digger (GrEE)                       Turns: 2702, Time: 00:07:30

Health: -6/28      AC:  6    Str: 12    XL:     5   Next: 5%
Magic:  2/8        EV: 12    Int: 17    God:
Gold:   99         SH:  0    Dex: 10    Spells: 0/8 levels left

rFire   . . .      SeeInvis .   (no weapon)
rCold   . . .      Faith    .   (no shield)
rNeg    + . .      Spirit   .   a - +0 robe
rPois   ∞          Reflect  .   (no helmet)
rElec   +          Harm     .   (no cloak)
rCorr   .          Rampage  .   (no gloves)
Will    .....                   (no boots)
Stlth   ++........              (no amulet)
HPRegen 0.09/turn               (no ring)
MPRegen 0.11/turn               (no ring)

@: no status effects
A: sickness immunity, AC +4, negative energy resistance 1, electricity
resistance, torment resistance 1, petrification resistance
a: no special abilities


You were on level 3 of the Dungeon.
You visited 1 branch of the dungeon, and saw 3 of its levels.

You collected 99 gold pieces.

Inventory:

Missiles
 i - 3 poisoned darts (quivered)
Armour
 a - a +0 robe (worn)
Scrolls
 e - 4 scrolls of identify {unknown}
 f - a scroll of blinking {unknown}
 g - a scroll of enchant armour {unknown}
 h - a scroll of amnesia {unknown}
Potions
 c - a potion of brilliance {unknown}
 d - 3 potions of curing {unknown}
 j - a potion of haste {unknown}
 k - a potion of might {unknown}
 l - a potion of degeneration {unknown}


   Skills:
 * Level 2.2 Dodging
 * Level 3.3 Stealth
 - Level 2.0 Spellcasting
 + Level 0.8 Transmutations
 + Level 5.6 Earth Magic


You couldn't memorise any spells.
You knew the following spells:

 Your Spells              Type           Power      Damage    Failure   Level
a - Sandblast             Erth           40%        2d10      1%          1
b - Stone Arrow           Conj/Erth      22%        3d8       19%         3
c - Petrify               Tmut/Erth      12%        N/A       45%         4

Your spell library contained the following spells:

 Spells                   Type           Power      Damage    Failure   Level
 Passwall                 Tmut/Erth      10%        N/A       8%          2


Dungeon Overview and Level Annotations

Branches:
Dungeon (3/15)

Altars:
Xom


Innate Abilities, Weirdness & Mutations

You are immune to sickness and miasma.
Your stone body is resilient. (AC +4)
You are immune to poison.
You resist negative energy. (rN+)
You are resistant to electric shocks. (rElec)
You are resistant to unholy torment.
You are immune to petrification.


Message History

Unknown command.
Unknown command.
Casting: Sandblast (safe; 1% risk of failure)
Confirm with . or Enter, or press ? or * to list all spells.
Aiming: Sandblast (safe; 1% risk of failure)
Press: ? - help, Shift-Dir - straight line, f/p - orc priest
Aim: an orc priest, wielding a +0 dagger and wearing a +0 chain mail (heavily wounded, 87% to hit)
The blast of sand hits the orc priest but does no damage.
The orc priest is heavily wounded.
The orc priest closely misses you.
Unknown command.
Casting: Sandblast (safe; 1% risk of failure)
Confirm with . or Enter, or press ? or * to list all spells.
Aiming: Sandblast (safe; 1% risk of failure)
Press: ? - help, Shift-Dir - straight line, f/p - orc priest
Aim: an orc priest, wielding a +0 dagger and wearing a +0 chain mail (heavily wounded, 87% to hit)
The blast of sand hits the orc priest but does no damage.
The orc priest is heavily wounded.
The orc priest hits you but does no damage. x2
Unknown command.
Casting: Sandblast (safe; 1% risk of failure)
Confirm with . or Enter, or press ? or * to list all spells.
Aiming: Sandblast (safe; 1% risk of failure)
Press: ? - help, Shift-Dir - straight line, f/p - orc priest
Aim: an orc priest, wielding a +0 dagger and wearing a +0 chain mail (heavily wounded, 87% to hit)
The blast of sand hits the orc priest.
The orc priest is almost dead.
The orc priest hits you but does no damage.
Unknown command.
Casting: Sandblast (safe; 1% risk of failure)
Confirm with . or Enter, or press ? or * to list all spells.
Aiming: Sandblast (safe; 1% risk of failure)
Press: ? - help, Shift-Dir - straight line, f/p - orc priest
Aim: an orc priest, wielding a +0 dagger and wearing a +0 chain mail (almost dead, 87% to hit)
The blast of sand hits the orc priest but does no damage.
The orc priest is almost dead.
The orc priest closely misses you.
The orc priest calls down the wrath of Beogh upon you.
Beogh smites you!
You die...

.......###.##.###.#.#
... .....### #..#
##....# ..... .###.#
##..###....# ......
.# #.# #.##.##).#
#...... .# #.#
.##..#..# ####### ##
#.# ..###.#.# ## #..
##....# >#####.#
#.#.#.# ........
#.@o..# ######..
#.#...# #####)# .# o#


You could see an orc priest.

Vanquished Creatures
  Terence (D:2)
  2 adders
  2 dart slugs
  A worm (D:2)
  3 orcs (D:3)
  4 endoplasms (D:1)
  A giant cockroach (D:1)
  7 goblins
  5 hobgoblins
  7 jackals
  8 kobolds
  4 quokkas
  8 ball pythons
  4 bats
  A frilled lizard (D:1)
  7 rats
65 creatures vanquished.

Notes
Turn   | Place    | Note
-------+----------+-------------------------------------------
     0 | D:1      | sweetbreads the Gargoyle Earth Elementalist began the quest
                  | for the Orb.
     0 | D:1      | Reached XP level 1. HP: 10/10 MP: 3/3
   157 | D:1      | Reached XP level 2. HP: 15/15 MP: 3/5
   200 | D:1      | Reached skill level 4 in Earth Magic
   452 | D:1      | Found a faded altar of an unknown god.
   475 | D:1      | Reached XP level 3. HP: 19/19 MP: 1/6
   479 | D:1      | Learned a level 3 spell: Stone Arrow
  1191 | D:2      | Noticed Terence
  1206 | D:2      | Killed Terence
  1207 | D:2      | Reached skill level 5 in Earth Magic
  1207 | D:2      | Reached XP level 4. HP: 10/24 MP: 3/7
  1964 | D:2      | Found a shimmering altar of Xom.
  2601 | D:3      | Reached XP level 5. HP: 28/28 MP: 6/8
  2606 | D:3      | Learned a level 4 spell: Petrify
  2702 | D:3      | Killed from afar by an orc priest

Illustrated notes

Levels and vault maps discovered:
D:1:      onia_arrival_handbag, layout_basic, serial_corexii_hall,
          chequers_hall_statues_wall_a, chequers_hall_statues_y,
          basic_ecumenical_altar
D:2:      layout_loops_corners, basic_altar, chequers_serial_rivers_micro_b,
          uniq_terence
D:3:      layout_rooms, minmay_misc_feat_rugged

Skill      XL: |  1  2  3  4 |
---------------+-------------+-----
Earth Magic    | 4 5 |  5.6
Stealth        | 3 |  3.3
Dodging        | 2 |  2.2
Spellcasting   | |  2.0
Transmutations | |  0.8

Action                   |  1- 3 |  4- 6 || total
-------------------------+-------+-------++-------
Melee: Unarmed           |     4 |     3 ||     7
Throw: Boomerang         |     2 |       ||     2
 Cast: Sandblast         |    53 |    59 ||   112
  Use: Potion            |     1 |     1 ||     2
Armor: Robe              |     9 |    14 ||    23
Dodge: Dodged            |    17 |    14 ||    31
